 Dungeon Crawl Stone Soup version 0.18.1-48-g4cf74bf (webtiles) character file.

2283 Gargoyl the Covered (level 9, -1/69 HPs)
             Began as a Demonspawn Abyssal Knight on Sept 2, 2016.
             Was an Elder of Lugonu.
             Slain by an iguana (10 damage)
             ... on level 7 of the Dungeon.
             The game lasted 00:13:21 (4537 turns).

Gargoyl the Covered (Demonspawn Abyssal Knight)     Turns: 4537, Time: 00:13:22

Health: -1/69      AC: 23    Str: 13 (16) XL:     9   Next: 16%
Magic:  13/13      EV:  5    Int: 14      God:    Lugonu [****..]
Gold:   324        SH:  0    Dex: 10 (12) Spells: 0 memorised, 13 levels left

rFire  . . .     SeeInvis .     z - +1 war axe
rCold  . . .     Gourm    +     j - +0 plate armour
rNeg   + . .     Faith    .     (no shield)
rPois  .         Spirit   .     (helmet restricted)
rElec  .         Dismiss  .     y - +2 cloak
rCorr  .         Reflect  .     (no gloves)
SustAt .         Harm     .     g - +2 pair of boots
MR     .....     Rnd*Rage +     G - amulet of the gourmand
Stlth  ..........               (no ring)
                                h - ring of positive energy

@: exhausted, not resistant to hostile enchantments, extremely unstealthy
A: horns 1, thin metallic scales 2, berserk 1, mutation resistance 1, powered by
death 2, rot immunity
a: Depart the Abyss, Bend Space, Banish, Corrupt, Renounce Religion


You were on level 7 of the Dungeon.
You worshipped Lugonu.
Lugonu was greatly pleased with you.
You were very full.

You visited 1 branch of the dungeon, and saw 7 of its levels.
You visited the Abyss 1 time.

You collected 324 gold pieces.

Inventory:

Hand Weapons
 n - a +0 spear
 z - a +1 war axe (weapon)
Missiles
 f - 5 tomahawks (quivered)
Armour
 g - a +2 pair of boots (worn)
 j - a +0 plate armour (worn)
 y - a +2 cloak (worn)
Jewellery
 h - a ring of positive energy (left hand)
 G - an amulet of the gourmand (around neck)
Wands
 d - a wand of confusion (32/48)
 D - a wand of confusion (30/48)
 F - a wand of disintegration (24/24)
Scrolls
 i - a scroll of enchant armour
 m - 3 scrolls of identify
 q - a scroll of remove curse
 v - 2 scrolls of magic mapping
Potions
 r - a potion of curing
 s - a potion of flight
Comestibles
 c - 6 bread rations
 k - 2 meat rations
 p - 4 fruits
 C - 2 slices of pizza


   Skills:
 + Level 5.9 Fighting
 + Level 5.1(5.5) Axes
 + Level 2.8(4.3) Polearms
 + Level 3.1 Throwing
 * Level 7.9 Armour
 + Level 3.9 Dodging
 + Level 3.3 Stealth
 + Level 2.8 Unarmed Combat
 + Level 2.8 Spellcasting
 + Level 5.5 Invocations
 + Level 3.1 Evocations


You had 13 spell levels left.
You didn't know any spells.

Dungeon Overview and Level Annotations

Branches:
Dungeon (7/15)
 Temple: D:4-7

Altars:
Yredelemnul


Innate Abilities, Weirdness & Mutations

You have a pair of small horns on your head.
You are mostly covered in thin metallic scales (AC +3).
You regenerate health from kills.
You are immune to rotting.
You tend to lose your temper in combat.
You are somewhat resistant to further mutation.


Message History

Throwing (i - inventory):
f - 6 tomahawks (quivered)
Press: ? - help, Shift-Dir - straight line, f/p - iguana
Aim: an iguana You throw a tomahawk.
The tomahawk hits the iguana.
The iguana is moderately wounded.
The iguana bites you but does no damage.
Throwing (i - inventory):
f - 5 tomahawks (quivered)
Press: ? - help, Shift-Dir - straight line, p - iguana
Okay, then.
Unknown command.
Unknown command.
Drink which item? (? for menu, Esc to quit)
You feel better.
The iguana bites you but does no damage.
You hit the iguana. You headbutt the iguana.
The iguana is heavily wounded.
You feel yourself speed up.
The iguana bites you but does no damage.
The iguana bites you!
You die...

#. #. ##.##.# .....$
..... .###...###
.........# #.......#
#.....@.# ......l###
######## ###..(.######
#...O..# ............#
#.####.#
...(......#.####.####.#
.##.##. #..........##O#
.. #.##.#.####.#.##.#
## #....#.# #.....(#
#.##.....O# ###...(.


You could see an iguana.

Vanquished Creatures
  Grinder (D:5)
  An orc warrior (D:6)
  An ice beast (D:6)
  An ogre (D:4)
  A centaur (D:5)
  A scorpion (D:2)
  A howler monkey (D:5)
  2 crimson imps (D:6)
  2 hounds
  Crazy Yiuf (D:5)
  A giant frog skeleton (D:3)
  4 orc priests
  An iguana (D:5)
  3 orc wizards
  4 worker ants
  A hound skeleton (D:6)
  3 adders (D:4)
  4 gnolls
  A shadow imp (Abyss:1)
  An ooze (D:4)
  3 worms
  6 dart slugs
  2 giant geckos
  28 orcs
  6 bats
  6 giant cockroaches
  9 goblins
  6 hobgoblins
  4 ball pythons
  3 giant newts
  A jackal skeleton (D:5)
  6 kobolds
  7 rats
122 creatures vanquished.

Notes
Turn   | Place    | Note
--------------------------------------------------------------
     0 | Abyss:1  | Gargoyl the Demonspawn Abyssal Knight began the quest for the Orb.
     0 | Abyss:1  | Reached XP level 1. HP: 18/18 MP: 2/2
   119 | Abyss:1  | Gained mutation: You are immune to rotting. [demonic ancestry]
   119 | Abyss:1  | Reached XP level 2. HP: 20/24 MP: 3/3
   153 | Abyss:1  | Noticed a small abomination
   213 | Abyss:2  | Noticed a wretched star
   214 | D:1      | Escaped the Abyss
   273 | D:1      | Reached * piety under Lugonu
   345 | D:1      | Reached skill level 1 in Dodging
   348 | D:1      | Reached XP level 3. HP: 28/30 MP: 5/5
   513 | D:1      | Reached skill level 2 in Armour
   915 | D:2      | Reached ** piety under Lugonu
  1032 | D:2      | Gained mutation: You regenerate a little health from kills. [demonic ancestry]
  1032 | D:2      | Reached XP level 4. HP: 35/37 MP: 6/6
  1716 | D:2      | Reached skill level 3 in Armour
  1836 | D:3      | Gained mutation: You regenerate health from kills. [demonic ancestry]
  1836 | D:3      | Reached XP level 5. HP: 41/42 MP: 7/7
  2210 | D:3      | Reached skill level 4 in Armour
  2210 | D:3      | Gained mutation: You have a pair of small horns on your head. [demonic ancestry]
  2210 | D:3      | Reached XP level 6. HP: 37/48 MP: 8/8
  2416 | D:4      | Reached *** piety under Lugonu
  2997 | D:4      | Reached skill level 5 in Armour
  3014 | D:4      | Reached XP level 7. HP: 54/54 MP: 9/9
  3199 | D:5      | Entered Level 5 of the Dungeon
  3352 | D:5      | Noticed Crazy Yiuf
  3367 | D:5      | Killed Crazy Yiuf
  3436 | D:5      | Noticed Grinder
  3455 | D:5      | Paralysed by Grinder for 4 turns
  3472 | D:5      | Killed Grinder
  3652 | D:5      | Reached skill level 6 in Armour
  3755 | D:6      | Reached skill level 1 in Throwing
  3766 | D:6      | Gained mutation: You are somewhat resistant to further mutation. [potion of mutation]
  3766 | D:6      | Gained mutation: You tend to lose your temper in combat. [potion of mutation]
  3772 | D:6      | Reached skill level 5 in Fighting
  3772 | D:6      | Reached skill level 5 in Axes
  3772 | D:6      | Reached skill level 7 in Armour
  3772 | D:6      | Reached skill level 5 in Invocations
  3772 | D:6      | Gained mutation: You are partially covered in thin metallic scales (AC +2). [demonic ancestry]
  3772 | D:6      | Reached XP level 8. HP: 39/64 MP: 9/12
  3794 | D:6      | Gained mutation: You are mostly covered in thin metallic scales (AC +3). [demonic ancestry]
  3794 | D:6      | Reached XP level 9. HP: 31/69 MP: 11/13
  4005 | D:6      | Reached **** piety under Lugonu
  4216 | D:6      | Found a basalt altar of Yredelemnul.
  4494 | D:7      | Noticed a five-headed hydra
  4532 | D:6      | HP: 2/69 [six-headed hydra (9)]
  4533 | D:6      | You fall through a shaft!
  4537 | D:7      | Slain by an iguana

Skill      XL: |  1  2  3  4  5  6  7 |
---------------+----------------------+-----
Dodging        | 1 2 3 |  3.9
Axes           | 2 3 5 |  5.1
Invocations    | 3 5 |  5.5
Armour         | 2 3 4 5 7 |  7.9
Fighting       | 4 5 |  5.9
Throwing       | 3 |  3.1
Polearms       | 2 |  2.8
Stealth        | 3 |  3.3
Unarmed Combat | 2 |  2.8
Spellcasting   | 2 |  2.8
Evocations     | 3 |  3.1

Action                   |  1- 3 |  4- 6 |  7- 9 || total
-------------------------+-------+-------+-------++-------
Melee: Hand axe          |   123 |   207 |       ||   330
       War axe           |       |    65 |   204 ||   269
       Headbutt          |       |    24 |    34 ||    58
Throw: Tomahawk          |     1 |     9 |     5 ||    15
Invok: Depart the Abyss  |     1 |       |       ||     1
       Bend Space        |       |       |     1 ||     1
  Use: Scroll            |       |     4 |    13 ||    17
       Potion            |       |     1 |    14 ||    15
  Eat: Chunk             |       |     7 |    24 ||    31
Armor: Scale mail        |    68 |    25 |       ||    93
       Chain mail        |       |   174 |    97 ||   271
       Plate armour      |       |       |   165 ||   165
Dodge: Dodged            |    57 |    89 |    79 ||   225
